 Dungeon Crawl Stone Soup version 0.18.1-50-g88ac8fd (webtiles) character file.

416 kengeki the Skirmisher (level 6, -22/60 HPs)
             Began as a Minotaur Fighter on Oct 9, 2016.
             Killed from afar by Rekenzichi's ghost (44 damage)
             ... with a bolt of negative energy
             ... on level 5 of the Dungeon on Oct 10, 2016.
             The game lasted 00:23:05 (3788 turns).

kengeki the Skirmisher (Minotaur Fighter)           Turns: 3788, Time: 00:23:06

Health: -22/60     AC: 12    Str: 23    XL:     6   Next: 60%
Magic:  5/5        EV:  7    Int:  5    God:
Gold:   247        SH:  8    Dex:  9    Spells: 0 memorised, 5 levels left

rFire  . . .     SeeInvis .     a - +0 long sword
rCold  . . .     Gourm    .     b - +0 scale mail
rNeg   . . .     Faith    .     c - +0 shield
rPois  .         Spirit   .     (helmet restricted)
rElec  .         Dismiss  .     (no cloak)
rCorr  .         Reflect  .     d - +0 pair of gloves
SustAt .         Harm     .     (no boots)
MR     .....                    (no amulet)
Stlth  ..........               e - +5 ring of protection
                                (no ring)

@: heavily drained, invisible, not resistant to hostile enchantments, extremely
unstealthy
A: retaliatory headbutt, horns 2
a: no special abilities


You were on level 5 of the Dungeon.
You were not hungry.

You visited 1 branch of the dungeon, and saw 5 of its levels.

You collected 247 gold pieces.

Inventory:

Hand Weapons
 a - a +0 long sword (weapon)
 m - a +0 club
Missiles
 o - 2 tomahawks (quivered)
 q - 5 silver javelins
Armour
 b - a +0 scale mail (worn)
 c - a +0 shield (worn)
 d - a +0 pair of gloves (worn)
Jewellery
 e - a +5 ring of protection (right hand)
Scrolls
 k - 2 scrolls of recharging
Potions
 h - a potion of curing
 l - 2 potions of might
Comestibles
 f - 3 bread rations
 g - 2 meat rations
 i - 2 beef jerkies
 r - 3 fruits


   Skills:
 + Level 7.0(5.0) Fighting
 + Level 6.1(4.2) Long Blades
 - Level 3.6(1.8) Armour
 - Level 3.6(1.8) Shields


You had 5 spell levels left.
You didn't know any spells.

Dungeon Overview and Level Annotations

Branches:
Dungeon (5/15)
 Temple: D:4-7

Altars:
Cheibriados
Makhleb
Nemelex Xobeh
Trog
Vehumet
Xom
Yredelemnul
Zin

Annotations:
D:3 Grinder
D:5 Rekenzichi's ghost, novice DrGl


Innate Abilities, Weirdness & Mutations

You reflexively headbutt those who attack you in melee.
You have a pair of horns on your head.


Message History

Your headbutt misses Rekenzichi's ghost.
Rekenzichi's ghost is lightly damaged.
You block Rekenzichi's ghost's attack.
You slash Rekenzichi's ghost!
Rekenzichi's ghost is moderately damaged.
Rekenzichi's ghost barely misses you.
You miss Rekenzichi's ghost.
Rekenzichi's ghost is moderately damaged.
Rekenzichi's ghost hits you. x2
You miss Rekenzichi's ghost.
Rekenzichi's ghost is moderately damaged.
Rekenzichi's ghost hits you.
Read which item? (? for menu, Esc to quit)
Okay, then.
Drink which item? (? for menu, Esc to quit)
You fade into invisibility!
Rekenzichi's ghost breathes negative energy at you.
The bolt of negative energy hits you!
You feel drained.
Ouch! That really hurt!
You die...

#.....##.รท#..###.#.#...##
#.....##..#..# #.#......#
#.....#......###.#.#.####
#.....###.##............#
#.....##.........#.#.##.#
'......#..########.#.##.#
#.W....#..####<# #.#.##.#
#......#..##...###.#.##.#
######.#........@W......#
#.#.....#####.#.####.#
#.#..................#
#.#.#########W#.######
#W#(..........#.#
#.#.###.####..#.#
#.#.....# #..#.#
#.##########..#.#
#.......W.......#


You could see Rekenzichi's ghost.

Vanquished Creatures
  A water moccasin (D:5)
  A scorpion (D:5)
  2 hounds (D:4)
  A hound zombie (D:5)
  9 gnolls
  2 adders
  A worm (D:2)
  2 dart slugs (D:2)
  4 giant geckos
  2 orcs (D:3)
  2 ball pythons (D:3)
  3 giant cockroaches
  6 goblins
  4 hobgoblins
  15 jackals
  2 kobolds
  2 quokkas
  7 bats
  2 giant newts (D:3)
  5 rats
  A plant (D:4)
74 creatures vanquished.

Vanquished Creatures (others)
  A gnoll (D:3)
  An orc (D:4)
2 creatures vanquished.

Grand Total: 76 creatures vanquished

Notes
Turn   | Place    | Note
--------------------------------------------------------------
     0 | D:1      | kengeki the Minotaur Fighter began the quest for the Orb.
     0 | D:1      | Reached XP level 1. HP: 19/19 MP: 0/0
   282 | D:1      | Reached XP level 2. HP: 23/27 MP: 1/1
   286 | D:1      | Reached skill level 4 in Fighting
  1240 | D:2      | Found a burning altar of Makhleb.
  1250 | D:2      | Reached XP level 3. HP: 33/33 MP: 2/2
  1486 | D:2      | Found a sparkling altar of Nemelex Xobeh.
  1778 | D:3      | Found a bloodstained altar of Trog.
  1860 | D:3      | Found a snail-covered altar of Cheibriados.
  1945 | D:3      | Reached XP level 4. HP: 41/41 MP: 3/3
  1954 | D:3      | Noticed Grinder
  1968 | D:3      | Paralysed by Grinder for 4 turns
  2109 | D:3      | Reached skill level 5 in Fighting
  2364 | D:4      | Found a radiant altar of Vehumet.
  2377 | D:4      | Reached XP level 5. HP: 46/48 MP: 4/4
  2656 | D:3      | Found a glowing silver altar of Zin.
  2686 | D:3      | Found a shimmering altar of Xom.
  2686 | D:3      | Noticed an angel
  2890 | D:4      | Reached skill level 5 in Long Blades
  2913 | D:4      | Reached skill level 6 in Fighting
  3217 | D:5      | Entered Level 5 of the Dungeon
  3244 | D:5      | Reached XP level 6. HP: 54/58 MP: 5/5
  3255 | D:5      | Noticed a water moccasin
  3269 | D:5      | Killed a water moccasin
  3500 | D:5      | Found a basalt altar of Yredelemnul.
  3553 | D:5      | Reached skill level 7 in Fighting
  3583 | D:5      | Noticed a sky beast
  3583 | D:5      | Noticed Rekenzichi's ghost (novice DrGl)
  3788 | D:5      | Killed from afar by Rekenzichi's ghost

Skill      XL: |  1  2  3  4  5  6 |
---------------+-------------------+-----
Fighting       | 4 5 6 7 |  7.0
Long Blades    | 3 4 5 6 |  6.1
Armour         | |  3.6
Shields        | |  3.6

Action                   |  1- 3 |  4- 6 || total
-------------------------+-------+-------++-------
Melee: Long sword        |   127 |   140 ||   267
       Headbutt          |    13 |    30 ||    43
  Use: Scroll            |       |    11 ||    11
       Potion            |       |     5 ||     5
  Eat: Chunk             |     3 |     6 ||     9
Armor: Scale mail        |    56 |    56 ||   112
Dodge: Dodged            |    41 |    38 ||    79
Block: Shield            |    58 |    74 ||   132
